 Dungeon Crawl Stone Soup version 0.21.0-3-g78d12a8 (webtiles) character file.

758 mopl the Insei (level 7, -1/48 HPs)
             Began as a Barachi Transmuter on Jan 10, 2018.
             Was a Follower of Cheibriados.
             Slain by a merfolk
             ... wielding a +0 spear
              (20 damage)
             ... on level 9 of the Dungeon.
             The game lasted 00:09:18 (4850 turns).

mopl the Insei (Barachi Transmuter)                 Turns: 4850, Time: 00:09:18

Health: -1/48      AC:  2    Str: 13    XL:     7   Next: 80%
Magic:  1/11       EV: 20    Int: 17    God:    Cheibriados [*.....]
Gold:   263        SH:  0    Dex: 20    Spells: 2/12 levels left

rFire    . . .     SeeInvis .     - Unarmed
rCold    . . .     Gourm    .   (shield currently unavailable)
rNeg     . . .     Faith    .   (armour currently unavailable)
rPois    x         Spirit   .   (helmet currently unavailable)
rElec    .         Reflect  .   (cloak currently unavailable)
rCorr    .         Harm     .   (gloves currently unavailable)
MR       .....                  (boots currently unavailable)
Stlth    ++........             f - amulet of regeneration
HPRegen  0.56/turn              (no ring)
MPRegen  0.12/turn              (no ring)

@: spider-form (expiring), very slightly contaminated, very slow
A: tiny, +LOS, swims
a: End Transformation, Bend Time, Renounce Religion


You were on level 9 of the Dungeon.
You worshipped Cheibriados.
Cheibriados was aware of your devotion.
You were hungry.
You were a venomous arachnid creature.
You visited 1 branch of the dungeon, and saw 7 of its levels.
You also visited: Sewer.

You collected 263 gold pieces.

Inventory:

Missiles
 a - 65 arrows
 e - 11 tomahawks (quivered)
 x - 6 javelins
Armour
 w - a +0 cloak (melded)
 B - a +0 helmet (melded)
 D - a +0 troll leather armour (melded) {Purgy}
Magical Staves
 C - an uncursed staff of energy {!a}
Jewellery
 f - an amulet of regeneration (around neck)
Scrolls
 b - a scroll of random uselessness {unknown}
 g - 5 scrolls of identify {unknown}
 l - a scroll of magic mapping
 n - a scroll of amnesia {unknown}
 o - 2 scrolls of teleportation
 p - a scroll of blinking {unknown}
 r - 3 scrolls of remove curse {unknown}
 t - 2 scrolls of fog {unknown}
 v - a scroll of enchant armour {unknown}
 y - a scroll of fear {unknown}
 A - a scroll of vulnerability {unknown}
 E - a scroll of torment {unknown}
Potions
 h - 2 potions of curing {unknown}
 i - a potion of lignification {unknown}
 j - a potion of agility {unknown}
 m - a potion of degeneration {unknown}
 q - 2 potions of brilliance {unknown}
 s - a potion of experience {unknown}
 u - 2 potions of heal wounds {unknown}
 z - a potion of flight {unknown}
Books
 c - a book of Changes

   Spells                             Type                      Level
   a - Beastly Appendage              Transmutation                1
   b - Sticks to Snakes               Transmutation                2
   c - Spider Form                    Transmutation/Poison         3
   d - Ice Form                       Ice/Transmutation            4
   e - Blade Hands                    Transmutation                5
Comestibles
 d - 4 rations


   Skills:
 - Level 1.2 Fighting
 - Level 2.1 Dodging
 * Level 6.9 Unarmed Combat
 - Level 3.1 Spellcasting
 + Level 4.7 Transmutations
 + Level 2.9 Ice Magic
 - Level 2.1 Poison Magic
 + Level 1.8 Invocations


You had 2 spell levels left.
You knew the following spells:

 Your Spells              Type           Power        Failure   Level  Hunger
a - Beastly Appendage     Tmut           ###...       10%         1    None
b - Spider Form           Tmut/Pois      ##........   30%         3    ###....
d - Ice Form              Ice/Tmut       ###.....     56%         4    ####...
w - Sticks to Snakes      Tmut           ###.....     12%         2    ##.....


Dungeon Overview and Level Annotations

Branches:
Dungeon (6/15)             Temple (0/1) D:5

Altars:
Cheibriados
Dithmenos
Hepliaklqana
Makhleb
Yredelemnul

Shops:
D:5 [

Annotations:
D:1 dig
D:2 2 transporters


Innate Abilities, Weirdness & Mutations

Shadows flee at your approach. (+LOS)
You can swim through water.
((You cover ground slowly.))
((You can hop short distances.))


Message History

The merfolk barely misses you.
You barely miss the merfolk.
The merfolk is lightly wounded.
You barely miss the merfolk.
The merfolk is lightly wounded.
The merfolk hits you but does no damage.
You hit the merfolk.
The merfolk looks as sick as possible!
The merfolk is moderately wounded.
The merfolk hits you with a spear.
You barely miss the merfolk.
The merfolk is moderately wounded.
Your transformation is almost over.
The merfolk hits you with a spear!
You bite the merfolk!
The merfolk is heavily wounded.
The merfolk closely misses you.
You bite the merfolk!
The merfolk is severely wounded.
The merfolk hits you with a spear!!
You die...

#####
#≈≈≈≈######....
#...ms[........
#%(#†#####.....
# ## ..


You could see a merfolk.

Vanquished Creatures
  Purgy (Sewer)
  A phantom (D:5)
  2 ogres
  The ghost of tidbits the Sneak, a weakling VSAE of Cheibriados (D:5)
  3 orc priests (D:5)
  An iguana (D:4)
  An orc wizard (D:3)
  3 worker ants
  A hound skeleton (D:4)
  4 gnolls (D:3)
  An adder (D:5)
  An adder zombie (D:5)
  2 worms (D:5)
  3 leopard geckos
  11 orcs
  8 bats
  8 giant cockroaches
  4 goblins
  10 hobgoblins
  4 jackals (D:3)
  12 kobolds
  4 quokkas
  6 frilled lizards
  A jackal zombie (D:4)
  8 rats
101 creatures vanquished.

Vanquished Creatures (others)
  An orc (D:5)
1 creature vanquished.

Grand Total: 102 creatures vanquished

Notes
Turn   | Place    | Note
-------+----------+-------------------------------------------
     0 | D:1      | mopl the Barachi Transmuter began the quest for the Orb.
     0 | D:1      | Reached XP level 1. HP: 15/15 MP: 3/3
   337 | D:1      | Reached XP level 2. HP: 21/21 MP: 3/5
   341 | D:1      | Learned a level 2 spell: Sticks to Snakes
   656 | D:1      | Reached skill level 4 in Unarmed Combat
   993 | D:2      | Reached XP level 3. HP: 17/26 MP: 4/6
  1001 | D:2      | Learned a level 3 spell: Spider Form
  1182 | D:2      | Found a transporter.
  1184 | D:2      | Noticed a killer bee
  1185 | D:2      | Noticed a black bear
  1186 | D:2      | Found a basalt altar of Yredelemnul.
  1197 | D:2      | Found a transporter.
  2006 | D:3      | Reached skill level 3 in Transmutations
  2012 | D:3      | Reached XP level 4. HP: 19/32 MP: 3/7
  2020 | D:3      | Reached skill level 1 in Poison Magic
  2404 | D:3      | Reached XP level 5. HP: 34/37 MP: 5/9
  2893 | D:4      | Reached skill level 5 in Unarmed Combat
  2974 | D:4      | Noticed an ogre
  2984 | D:4      | Killed an ogre
  2984 | D:4      | Reached skill level 3 in Spellcasting
  2984 | D:4      | Reached skill level 2 in Poison Magic
  2984 | D:4      | Reached XP level 6. HP: 21/43 MP: 0/10
  3003 | D:4      | Learned a level 4 spell: Ice Form
  3300 | D:4      | Reached skill level 1 in Ice Magic
  3383 | D:4      | Found a burning altar of Makhleb.
  3383 | D:4      | Found a snail-covered altar of Cheibriados.
  3383 | D:4      | Found a hazy altar of Hepliaklqana.
  3551 | D:4      | Found a shadowy altar of Dithmenos.
  3715 | D:4      | Became a worshipper of Cheibriados the Contemplative
  3892 | D:5      | Entered Level 5 of the Dungeon
  3905 | D:5      | Reached skill level 4 in Transmutations
  3912 | D:5      | Reached skill level 6 in Unarmed Combat
  3936 | D:5      | Reached skill level 2 in Ice Magic
  3936 | D:5      | Reached skill level 1 in Invocations
  3936 | D:5      | Reached XP level 7. HP: 39/48 MP: 8/11
  4001 | D:5      | Found Gasmiss's Armour Shop.
  4022 | D:5      | Noticed tidbits's ghost (weakling VSAE)
  4173 | D:5      | Found a staircase to the Ecumenical Temple.
  4269 | D:5      | Found a glowing drain.
  4291 | Sewer    | Entered a sewer
  4294 | Sewer    | Noticed Purgy
  4303 | Sewer    | Killed Purgy
  4322 | Sewer    | Reached * piety under Cheibriados
  4466 | D:5      | Killed tidbits's ghost
  4835 | D:6      | You fall through a shaft for 3 floors!
  4836 | D:9      | Noticed a merfolk
  4850 | D:9      | Slain by a merfolk

Skill      XL: |  1  2  3  4  5  6 |
---------------+-------------------+-----
Unarmed Combat | 4 5 6 |  6.9
Transmutations | 3 4 |  4.7
Poison Magic   | 1 2 |  2.1
Spellcasting   | 3 |  3.1
Ice Magic      | 2 |  2.9
Invocations    | 1 |  1.8
Fighting       | |  1.2
Dodging        | |  2.1

Action                   |  1- 3 |  4- 6 |  7- 9 || total
-------------------------+-------+-------+-------++-------
Melee: Unarmed           |   110 |   166 |   115 ||   391
       Kick              |     9 |       |       ||     9
       Headbutt          |     4 |       |       ||     4
       Punch             |     1 |     1 |     2 ||     4
 Cast: Beastly Appendage |    19 |     1 |       ||    20
       Spider Form       |     1 |    11 |     1 ||    13
       Ice Form          |       |       |     2 ||     2
 Abil: End Transformatio |     1 |       |       ||     1
       Hop               |       |     1 |       ||     1
  Use: Scroll            |       |     2 |       ||     2
 Stab: Sleeping          |     1 |       |     3 ||     4
  Eat: Chunk             |     3 |    11 |     3 ||    17
Armor: Robe              |    25 |    12 |    11 ||    48
       Skin              |       |     3 |     5 ||     8
       Troll leather arm |       |       |     4 ||     4
Dodge: Dodged            |    77 |   100 |    53 ||   230
